 Dungeon Crawl Stone Soup version 0.26.0-15-gc6cd9f700b (webtiles) character file.

Game seed: 1339976759191835393

1008 Gauvater the Shield-Bearer (level 8, -6/63 HPs)
             Began as a Formicid Fighter on Jan 17, 2021.
             Was a Follower of Zin.
             Mangled by a gnoll
             ... wielding a +0 halberd
              (11 damage)
             ... on level 5 of the Dungeon.
             The game lasted 00:10:50 (5855 turns).

Gauvater the Shield-Bearer (Formicid Fighter)       Turns: 5855, Time: 00:10:51

Health: -6/63      AC:  7    Str: 23    XL:     8   Next: 44%
Magic:  10/10      EV:  9    Int: 10    God:    Zin [*.....]
Gold:   204        SH: 10    Dex: 12    Spells: 7/7 levels left

rFire    . . .     SeeInvis +   o - +7 spear "Uniy" {vorpal, Dex+2}
rCold    . . .     Faith    .   c - +0 kite shield
rNeg     . . .     Spirit   .   b - +0 scale mail
rPois    .         Reflect  .   (helmet unavailable)
rElec    .         Harm     .   (no cloak)
rCorr    .         Rampage  .   (no gloves)
Will     .....                  (no boots)
Stlth    ..........             (no amulet)
HPRegen  0.20/turn              (no ring)
MPRegen  0.12/turn              (no ring)

@: mighty
A: permanent stasis, dig shafts and tunnels, four strong arms, antennae 3,
clever 1, MP-powered wands
a: Dig, Shaft Self, Renounce Religion, Recite, Donate Gold


You were on level 5 of the Dungeon.
You worshipped Zin.
Zin was aware of your devotion.
You visited 2 branches of the dungeon, and saw 6 of its levels.

You collected 226 gold pieces.
You donated 22 gold pieces to Zin.

Inventory:

Hand Weapons
 a - a +0 war axe
 n - a cursed -3 trident
 o - the +7 spear "Uniy" (weapon) {vorpal, Dex+2}
   (You found it on level 4 of the Dungeon)

   It inflicts extra damage upon your enemies.
   It affects your dexterity (+2).
Missiles
 f - 2 throwing nets
 h - 52 arrows
Armour
 b - a +0 scale mail (worn)
 c - a +0 kite shield (worn)
Magical Staves
 u - an uncursed staff of air {unknown}
Jewellery
 d - an uncursed ring of fire
Wands
 k - a wand of enslavement (13)
 v - a wand of flame (27)
Scrolls
 e - 3 scrolls of teleportation {unknown}
 g - 6 scrolls of identify {unknown}
 i - a scroll of random uselessness {unknown}
 j - 4 scrolls of remove curse {unknown}
 r - a scroll of enchant weapon {unknown}
 t - a scroll of immolation {unknown}
 w - a scroll of magic mapping {unknown}
Potions
 l - 2 potions of curing {unknown}
 p - a potion of attraction {unknown}
 q - 2 potions of heal wounds {unknown}
 s - a potion of flight {unknown}
 x - a potion of haste {unknown}
 z - 3 potions of invisibility {unknown}
 A - a potion of degeneration {unknown}
 B - a potion of ambrosia {unknown}


   Skills:
 * Level 5.5 Fighting
 + Level 5.0(5.3) Axes
 + Level 2.6(4.2) Polearms
 + Level 4.9 Armour
 + Level 2.0 Dodging
 + Level 5.6 Shields
 * Level 2.7 Invocations


You had 7 spell levels left.
You didn't know any spells.
Your spell library contained the following spells:

 Spells                   Type           Power        Failure   Level
 Animate Skeleton         Necr           0%           88%         1
 Apportation              Tloc           0%           88%         1
 Corona                   Hex            0%           88%         1
 Foxfire                  Conj/Fire      0%           88%         1
 Summon Small Mammal      Summ           0%           88%         1


Dungeon Overview and Level Annotations

Branches:
Dungeon (5/15)             Temple (1/1) D:4

Altars:
Ashenzari
Cheibriados
Dithmenos
Gozag
Kikubaaqudgha
Qazlal
Sif Muna
Trog
Uskayaw
Vehumet
Yredelemnul
Zin
The Shining One


Innate Abilities, Weirdness & Mutations

You cannot be hasted, slowed, berserked, paralysed or teleported.
You can dig through walls and to a lower floor.
Your four strong arms can wield two-handed weapons with a shield.
You have a pair of large antennae on your head. (SInv)
Your mind is acute. (Int +2)
You expend magic power (3 MP) to strengthen your wands.


Message History

You dig through the rock wall.
You dig through the rock wall.
The orc throws a boomerang.
The boomerang hits you.
* * * LOW HITPOINT WARNING * * *
The weapon returns to the orc!
You dig through the rock wall.
The orc throws a boomerang.
The boomerang hits you.
* * * LOW HITPOINT WARNING * * *
The weapon returns to the orc!
You retract your mandibles.
The orc throws a boomerang.
The boomerang hits you.
* * * LOW HITPOINT WARNING * * *
The weapon returns to the orc!
The orc throws a boomerang.
The boomerang hits you.
* * * LOW HITPOINT WARNING * * *
The weapon returns to the orc!
You block the orc's attack. The gnoll barely misses you.
You puncture the orc!
You kill the orc!
The gnoll hits you from afar with a +0 halberd!
You die...

...............#'##
...............#...
#.............#...
##.............#...
#............>.#...
#..............###'
##.....#####.....
######.....# #.....
#...@(g....# #.....
######..)..# #.....
#.)...# #.....
#.g...# #.....
.o...... ...#..
o.......#........
...........#
............#
.............#


You could see a gnoll.

Vanquished Creatures
  An orc warrior (D:5)
  An ice beast (D:5)
  An ogre (D:4)
  3 scorpions (D:5)
  A hound (D:4)
  3 orc priests (D:3)
  A gnoll shaman (D:5)
  4 orc wizards
  An iguana (D:4)
  A worker ant (D:5)
  8 gnolls
  6 adders
  3 white imps
  2 oozes
  6 dart slugs
  2 leopard geckos (D:1)
  17 orcs
  2 ball pythons
  10 bats
  A giant cockroach (D:4)
  7 goblins
  7 hobgoblins
  10 jackals
  2 quokkas
  3 frilled lizards
  13 kobolds
  A leopard gecko zombie (D:2)
  8 rats
125 creatures vanquished.

Notes
Turn   | Place    | Note
-------+----------+-------------------------------------------
     0 | D:1      | Gauvater the Formicid Fighter began the quest for the Orb.
     0 | D:1      | Reached XP level 1. HP: 18/18 MP: 1/1
   271 | D:1      | Reached XP level 2. HP: 23/24 MP: 2/2
   407 | D:1      | Reached XP level 3. HP: 18/29 MP: 3/3
  1168 | D:2      | Reached XP level 4. HP: 37/37 MP: 4/4
  1489 | D:2      | HP: 1/37 [gnoll/+0 halberd (9)]
  1490 | D:2      | Gained mutation: Your mind is acute. (Int +2) [potion of
                  | mutation]
  1490 | D:2      | Gained mutation: You expend magic power (3 MP) to
                  | strengthen your wands. [potion of mutation]
  1496 | D:2      | Reached XP level 5. HP: 2/42 MP: 5/5
  2505 | D:3      | Reached skill level 1 in Dodging
  2516 | D:3      | Reached XP level 6. HP: 22/49 MP: 6/6
  2937 | D:3      | Found a basalt altar of Yredelemnul.
  3149 | D:3      | Found a bloodstained altar of Trog.
  3311 | D:3      | Found a shimmering blue altar of Sif Muna.
  3314 | D:3      | Identified Sif Muna's Almanac of Fire
  3494 | D:3      | Reached XP level 7. HP: 41/55 MP: 7/7
  3823 | D:4      | Found a staircase to the Ecumenical Temple.
  3839 | Temple   | Entered the Ecumenical Temple
  3974 | Temple   | Became a worshipper of Zin the Law-Giver
  3974 | Temple   | Reached * piety under Zin
  4035 | D:4      | Got a crystal spear
  4035 | D:4      | Identified the +7 spear "Uniy" {vorpal, Dex+2} (You found
                  | it on level 4 of the Dungeon)
  4272 | D:4      | Reached skill level 5 in Fighting
  4717 | D:4      | Reached skill level 5 in Shields
  4717 | D:4      | Reached skill level 1 in Invocations
  4873 | D:5      | Entered Level 5 of the Dungeon
  4892 | D:5      | Reached skill level 5 in Axes
  4892 | D:5      | Reached skill level 1 in Polearms
  4894 | D:5      | Reached XP level 8. HP: 22/62 MP: 7/9
  5109 | D:5      | Found a radiant altar of Vehumet.
  5855 | D:5      | Mangled by a gnoll

Illustrated notes

Levels and vault maps discovered:
D:1:      beargit_arrival_greenhouse, layout_rooms, st_stairs_8
D:2:      layout_loops_ring, cheibrodos_gnoll_hut
D:3:      layout_loops_ring, nzn_overflow_gifts_of_might_and_magic,
          old_standard_altar
D:4:      layout_loops_corners, minmay_temple_entry_arrows
D:5:      layout_gridville, kennysheep_mini_moat,
          chequers_hall_statues_corner_a, vehumet_altar_wand_db
Temple:   zaba_magenta_temple

Skill      XL: |  1  2  3  4  5  6  7  8 |
---------------+-------------------------+-----
Shields        | 4 5 |  5.6
Fighting       | 4 5 |  5.5
Axes           | 3 4 5 |  5.0
Dodging        | 1 2 |  2.0
Armour         | 4 |  4.9
Invocations    | 2 |  2.7
Polearms       | 1 2 |  2.6

Action                   |  1- 3 |  4- 6 |  7- 9 || total
-------------------------+-------+-------+-------++-------
Melee: War axe           |   109 |   237 |    15 ||   361
       Spear             |       |       |    91 ||    91
 Abil: Dig               |     2 |       |     2 ||     4
  Use: Potion            |       |     2 |     1 ||     3
Armor: Scale mail        |    48 |   111 |    27 ||   186
Dodge: Dodged            |    44 |    99 |    42 ||   185
Block: Kite shield       |    63 |   139 |    66 ||   268
